 Dungeon Crawl Stone Soup version 0.22.1-6-g1668fe2c40 (webtiles) character file.

941 Kohma the Changer (level 7, -15/52 HPs)
             Began as a Black Draconian Transmuter on Jan 28, 2019.
             Was an Initiate of Cheibriados.
             Demolished by Edmund
             ... wielding a +4 flail of venom
              (16 damage)
             ... on level 6 of the Dungeon.
             The game lasted 00:18:58 (5945 turns).

Kohma the Changer (Black Draconian Transmuter)      Turns: 5945, Time: 00:18:58

Health: -15/52     AC:  9    Str: 13    XL:     7   Next: 88%
Magic:  5/10       EV: 12    Int: 16    God:    Cheibriados [......]
Gold:   348        SH:  0    Dex: 13    Spells: 7/10 levels left

rFire    . . .     SeeInvis .     - Unarmed
rCold    . . .     Gourm    .   (no shield)
rNeg     . . .     Faith    .   (armour unavailable)
rPois    .         Spirit   .   (helmet restricted)
rElec    +         Reflect  .   s - +1 cloak
rCorr    .         Harm     .   (no gloves)
MR       .....                  k - +0 pair of boots
Stlth    +.........             g - amulet of magic regeneration
HPRegen  0.17/turn              (no ring)
MPRegen  0.37/turn              (no ring)

@: lethally poisoned (-15 -> -23), short of breath, appendage, very slow
A: breathe lightning, unfitting armour, horns 2, electricity resistance,
cold-blooded, AC +6
a: Breathe Lightning, End Transformation, Bend Time, Renounce Religion


You were on level 6 of the Dungeon.
You worshipped Cheibriados.
Cheibriados was noncommittal.
You were not hungry.
You had grown temporary horns.
You visited 2 branches of the dungeon, and saw 7 of its levels.

You collected 348 gold pieces.

Inventory:

Hand Weapons
 i - the +6 hunting sling of Baarghoqe {flame, Fragile rPois Dex+2 Stlth+, unknown}
   (You found it on level 4 of the Dungeon)

   It causes projectiles fired from it to burn those they strike, causing extra
   injury to most foes and up to half again as much damage against particularly
   susceptible opponents.
   It affects your dexterity (+2).
   It protects you from poison.
   It will be destroyed if unequipped.
   It makes you more stealthy.
Missiles
 a - 187 arrows
 b - 150 stones
 o - 6 javelins
 p - 2 throwing nets (quivered)
Armour
 k - a +0 pair of boots (worn)
 s - a +1 cloak (worn)
Jewellery
 g - an amulet of magic regeneration (around neck)
Wands
 j - a wand of scattershot (5)
Scrolls
 e - 4 scrolls of teleportation
 h - 4 scrolls of identify
 l - a scroll of magic mapping
 u - a scroll of enchant armour
 v - a scroll of amnesia
Potions
 d - 4 potions of mutation {unknown}
 f - a potion of might
 m - a potion of invisibility {unknown}
 n - a potion of magic {unknown}
 q - a potion of degeneration {unknown}
 r - 2 potions of agility {unknown}
 t - a potion of lignification {unknown}
 w - 3 potions of heal wounds {unknown}
 z - a potion of flight {unknown}
Comestibles
 c - 9 rations


   Skills:
 - Level 1.1 Fighting
 - Level 1.7 Dodging
 + Level 6.2 Unarmed Combat
 - Level 2.0 Spellcasting
 * Level 7.5 Transmutations


You had 7 spell levels left.
You knew the following spells:

 Your Spells              Type           Power        Failure   Level  Hunger
a - Beastly Appendage     Tmut           ####..       1%          1    #......
b - Sticks to Snakes      Tmut           ####....     1%          2    ###....

Your spell library contained the following spells:

 Spells                   Type           Power        Failure   Level  Hunger
 Spider Form              Tmut/Pois      ##........   13%         3    ###....
 Blade Hands              Tmut           ####......   26%         5    ######.
 Ice Form                 Ice/Tmut       ##......     41%         4    #####..


Dungeon Overview and Level Annotations

Branches:
Dungeon (6/15)             Temple (1/1) D:4

Altars:
Ashenzari
Cheibriados
Dithmenos
Elyvilon
Fedhas
Gozag
Hepliaklqana
Kikubaaqudgha
Makhleb
Nemelex Xobeh
Okawaru
Qazlal
Ru
Sif Muna
Trog
Uskayaw
Vehumet
Wu Jian
Xom
Yredelemnul
Zin
The Shining One

Annotations:
D:6 Edmund


Innate Abilities, Weirdness & Mutations

You can breathe wild blasts of lightning.
Your glossy black scales are hard. (AC +6)
You cannot fit into any form of body armour.
You are resistant to electric shocks. (rElec)
You are cold-blooded and may be slowed by cold attacks.
You have a pair of horns on your head.


Message History

Your adder bites the black bear.
You hit the black bear but do no damage.
You punch the black bear, but do no damage.
The black bear is heavily wounded.
Your adder bites Edmund.
Your ball python bites the black bear but does no damage.
Your ball python constricts the black bear.
The black bear bites you.
* * * LOW HITPOINT WARNING * * *
The black bear claws you but does no damage. x2
Your ball python bites the black bear but does no damage.
Your adder bites the black bear.
The black bear looks even sicker.
Your adder poisons the black bear!
Your adder bites Edmund but does no damage.
* * * LOW HITPOINT WARNING * * *
You feel sick.
Your ball python bites the black bear but does no damage.
Your ball python constricts the black bear.
The black bear goes berserk!
Edmund hits you with a flail of venom!
You die...

#.>.#
#...#
#...#
#...#
#...# #
#..Z# .#
#SSS#..#
#Sh@.$.#
#.@.##.#
###..
####


You could see Edmund, a black bear (berserk), a jackal skeleton, 2 friendly
adders and 2 friendly ball pythons.

Vanquished Creatures
  Duvessa (D:5)
  A sky beast (D:5)
  A centaur (D:5)
  2 bullfrogs
  2 crimson imps
  A centaur zombie (D:5)
  4 hounds
  An iguana (D:4)
  2 worker ants
  4 gnolls
  6 adders
  8 oozes (D:2)
  A worm (D:5)
  2 dart slugs
  5 leopard geckos
  3 orcs
  A ball python (D:1)
  7 bats
  3 giant cockroaches
  7 goblins
  7 hobgoblins
  A quokka (D:4)
  5 frilled lizards
  14 kobolds
  6 rats
95 creatures vanquished.

Vanquished Creatures (collateral kills)
  Dowan (D:5)
  A jelly (D:2)
  A gnoll (D:2)
  2 adders (D:5)
  A worm (D:4)
  A ball python (D:2)
  A giant cockroach (D:2)
  2 kobolds (D:2)
10 creatures vanquished.

Vanquished Creatures (others)
  2 fungi (D:2)
  8 toadstools (D:2)
10 creatures vanquished.

Grand Total: 115 creatures vanquished

Notes
Turn   | Place    | Note
-------+----------+-------------------------------------------
     0 | D:1      | Kohma the Draconian Transmuter began the quest for the Orb.
     0 | D:1      | Reached XP level 1. HP: 16/16 MP: 3/3
   245 | D:1      | Reached XP level 2. HP: 23/23 MP: 5/5
   879 | D:1      | Learned a level 2 spell: Sticks to Snakes
  1225 | D:2      | Reached XP level 3. HP: 26/28 MP: 4/6
  1304 | D:2      | Reached skill level 3 in Transmutations
  1317 | D:2      | Reached XP level 4. HP: 13/35 MP: 2/7
  1620 | D:2      | Reached skill level 4 in Transmutations
  1812 | D:2      | Reached XP level 5. HP: 24/40 MP: 5/8
  3081 | D:2      | Found a deep blue altar of Sif Muna.
  3231 | D:3      | Reached skill level 5 in Transmutations
  3231 | D:3      | Reached XP level 6. HP: 38/47 MP: 9/9
  3661 | D:3      | Reached skill level 5 in Unarmed Combat
  4310 | D:4      | Got a shimmering hunting sling
  4327 | D:4      | Found a staircase to the Ecumenical Temple.
  4336 | Temple   | Entered the Ecumenical Temple
  4366 | Temple   | Became a worshipper of Cheibriados the Contemplative
  4702 | D:4      | Reached skill level 6 in Transmutations
  4797 | D:4      | Your scales start taking on a glossy black colour.
  4797 | D:4      | Reached XP level 7. HP: 46/52 MP: 10/10
  4797 | D:4      | Gained mutation: You are resistant to electric shocks.
                  | (rElec) [Black Draconian growth]
  4925 | D:5      | Entered Level 5 of the Dungeon
  5489 | D:5      | Noticed Duvessa
  5489 | D:5      | Noticed Dowan
  5501 | D:5      | Killed Duvessa
  5501 | D:5      | Reached skill level 7 in Transmutations
  5506 | D:5      | Found a burning altar of Makhleb.
  5515 | D:5      | Killed Dowan
  5936 | D:6      | Noticed Edmund
  5944 | D:6      | HP: 2/52 [black bear (2)]
  5945 | D:6      | Demolished by Edmund

Skill      XL: |  1  2  3  4  5  6  7 |
---------------+----------------------+-----
Transmutations | 3 4 5 6 7 |  7.5
Unarmed Combat | 4 5 6 |  6.2
Fighting       | |  1.1
Dodging        | |  1.7
Spellcasting   | |  2.0

Action                   |  1- 3 |  4- 6 |  7- 9 || total
-------------------------+-------+-------+-------++-------
Melee: Unarmed           |    91 |   243 |    62 ||   396
       Tailslap          |     8 |    18 |    12 ||    38
       Kick              |     5 |    14 |       ||    19
       Headbutt          |     3 |    14 |     8 ||    25
       Punch             |     1 |     1 |     3 ||     5
Throw: Stone             |     6 |     2 |       ||     8
 Cast: Beastly Appendage |    16 |    22 |     5 ||    43
       Sticks to Snakes  |     2 |    17 |    13 ||    32
 Abil: Breathe Lightning |       |       |     2 ||     2
  Use: Scroll            |       |     8 |     2 ||    10
 Stab: Distracted        |       |     2 |     2 ||     4
       Sleeping          |       |     1 |       ||     1
  Eat: Chunk             |     2 |     7 |     3 ||    12
       Ration            |       |     2 |     1 ||     3
Armor: Skin              |    37 |    72 |    31 ||   140
Dodge: Dodged            |    77 |   159 |    36 ||   272
